 Dungeon Crawl Stone Soup version 0.26-a0-812-g31a745ddcd (webtiles) character file.

Game seed: 6186058154699723656

8 Azzok the Skirmisher (level 2, 24/24 HPs)
             Began as a Demonspawn Berserker on Nov 16, 2020.
             Was a Follower of Trog.
             Quit the game on level 1 of the Dungeon.
             The game lasted 00:00:22 (342 turns).

Azzok the Skirmisher (Demonspawn Berserker)          Turns: 342, Time: 00:00:22

Health: 24/24      AC:  2    Str: 17    XL:     2   Next: 0%
Magic:  2/2        EV: 12    Int:  8    God:    Trog [*.....]
Gold:   42         SH:  0    Dex: 12    Spells: 1/1 levels left

rFire    . . .     SeeInvis .   a - +0 short sword
rCold    . . .     Faith    .   (no shield)
rNeg     . . .     Spirit   .   b - +0 animal skin
rPois    .         Reflect  .   (no helmet)
rElec    .         Harm     .   (no cloak)
rCorr    .         Rampage  .   (no gloves)
MR       .....                  (no boots)
Stlth    +.........             (no amulet)
HPRegen  0.08/turn              (no ring)
MPRegen  0.08/turn              (no ring)

@: no status effects
A: hooves 1
a: Berserk, Renounce Religion


You were on level 1 of the Dungeon.
You worshipped Trog.
Trog was aware of your devotion.
You visited 1 branch of the dungeon, and saw 1 of its levels.

You collected 42 gold pieces.

Inventory:

Hand Weapons
 a - a +0 short sword (weapon)
Armour
 b - a +0 animal skin (worn)
Scrolls
 c - a scroll of enchant armour {unknown}
 f - a scroll of identify {unknown}
Potions
 d - a potion of berserk rage {unknown}
 e - a potion of brilliance {unknown}


   Skills:
 + Level 3.2 Fighting
 - Level 2.6 Short Blades
 + Level 2.0 Armour
 + Level 2.0 Dodging


You had one spell level left.
You didn't know any spells.
Your spell library was empty.

Dungeon Overview and Level Annotations

Branches:
Dungeon (1/15)

Altars:


Innate Abilities, Weirdness & Mutations

You have large cloven feet.


Message History

You kill the frilled lizard!
Trog accepts your kill.
f - a scroll labelled XENLEU PUWIO
Found 27 stones.
You see here 27 stones.
Found a stone staircase leading down.
There is a stone staircase leading down here.
Found a scale mail.
A goblin comes into view. It is wielding a +0 dagger.
Found 23 stones.
A goblin is nearby!
The helpless goblin fails to defend itself.
You puncture the goblin!
You kill the goblin!
Trog accepts your kill.
You have reached level 2!
You feel monstrous as your demonic heritage exerts itself.
Your demonic ancestry asserts itself...
Your feet thicken and deform.
Are you sure you want to abandon this character and quit the game? (Confirm with "yes".)

▒▒ ··
▒·▒▒▒▒▒▒▒▒▒▒▒
▒▒▒▒▒▒▒▒▒
▒·▒·········▒
·······)▒
▒·▒·▒▒▒▒▒▒▒·▒
▒@▒ ▒···▒ ▒·▒▒
▒▒▒·▒▒▒·▒▒▒▒▒>▒
▒···
·(···!····▒▒▒·▒
▒▒▒▒
▒·····▒·[·····▒
▒▒·▒▒······▒▒·▒
▒· ▒··▒▒▒··▒▒·▒
▒ ···▒ ▒······
·· ·▒··
······▒▒ ▒>▒ ▒·
·····▒▒▒ ▒·▒


There were no monsters in sight!

Vanquished Creatures
  2 goblins (D:1)
  2 hobgoblins (D:1)
  A bat (D:1)
  A frilled lizard (D:1)
  2 rats (D:1)
8 creatures vanquished.

Notes
Turn   | Place    | Note
-------+----------+-------------------------------------------
     0 | D:1      | Azzok the Demonspawn Berserker began the quest for the Orb.
     0 | D:1      | Reached XP level 1. HP: 18/18 MP: 1/1
   341 | D:1      | Gained mutation: You have large cloven feet. [demonic
                  | ancestry]
   341 | D:1      | Reached XP level 2. HP: 24/24 MP: 2/2
   342 | D:1      | Quit the game

Illustrated notes

Levels and vault maps discovered:
D:1:      grunt_arrival_crossed_arrows, layout_loops_ring, due_unseen_surprise

Skill      XL: |  1 |
---------------+----+-----
Armour         | 2 |  2.0
Dodging        | 2 |  2.0
Fighting       | |  3.2
Short Blades   | |  2.6

Action                   || total
-------------------------++-------
Melee: Short sword       ||    25
 Stab: Sleeping          ||     1
Armor: Animal skin       ||    16
Dodge: Dodged            ||    18

Table legend: (Time is in decaauts)
 A = Elapsed time spent in this place.
 B = Non-inter-level travel time spent in this place.
 C = Inter-level travel time spent in this place.
 D = Time resting spent in this place.
 E = Time spent auto-exploring this place.
 F = Levels seen in this place.
 G = Mean time per level.
                   A        B        C        D        E       F      G
               +--------+--------+--------+--------+--------+-----+--------+
         Total |    341 |    341 |      0 |      0 |    273 |   1 |  341.0 |
       Dungeon |    341 |    341 |      0 |      0 |    273 |   1 |  341.0 |
               +--------+--------+--------+--------+--------+-----+--------+

Top non-repeatable levels by time:
     D:1: 341 daAuts
